 Dungeon Crawl Stone Soup version 0.31-a0-1205-g5e5e916f41 (webtiles) character file.

Game seed: 12974528077764197129

4289 GreatBamboolord the Geomancer (level 10, -4/58 HPs)
             Began as a Gargoyle Earth Elementalist on Dec 13, 2023.
             Was an Initiate of Sif Muna.
             Slain by an orc knight
             ... wielding a +0 glaive
              (18 damage)
             ... in a bailey.
             The game lasted 00:17:43 (7887 turns).

GreatBamboolord the Geomancer (GrEE)                Turns: 7887, Time: 00:17:44

Health: -4/58      AC: 16    Str: 12    XL:     10   Next: 32%
Magic:  10/19      EV: 13    Int: 20    God:    Sif Muna [......]
Gold:   230        SH:  0    Dex: 10    Spells: 5/21 levels left

rFire   + . .        b - +8 storm bow {elec, penet}
rCold   . . .        (shield currently unavailable)
rNeg    + . .        E - +0 steam dragon scales
rPois   ∞            K - +1 hat
rElec   +            v - +0 cloak
rCorr   .            (no gloves)
SInv    .            J - +1 pair of boots
Will    .....        (no amulet)
Stlth   +++          x - ring of protection from fire
HPRegen 0.29/turn    (no ring)
MPRegen 0.16/turn

%: no passive effects
@: no status effects
A: sickness immunity, AC +7, negative energy resistance 1, electricity
resistance, torment resistance 1, petrification resistance
a: Renounce Religion


You were in a bailey.
You worshipped Sif Muna.
Sif Muna was noncommittal.
You visited 1 branch of the dungeon, and saw 8 of its levels.
You also visited: Sewer and Bailey.

You collected 440 gold pieces.
You spent 210 gold pieces at shops.

Inventory:

Hand Weapons
 b - the +8 storm bow (weapon) {elec, penet}
   (You found it on level 6 of the Dungeon)
Missiles
 i - a throwing net
Armour
 o - an orb of guile
 v - a +0 cloak (worn)
 E - +0 steam dragon scales (worn)
 J - a +1 pair of boots (worn)
 K - a +1 hat (worn)
Magical Staves
 a - a staff of earth
Jewellery
 x - a ring of protection from fire (left hand)
Wands
 j - a wand of roots (8)
 k - a wand of polymorph (4)
 B - a wand of paralysis (10)
 G - a wand of digging (5)
Scrolls
 e - 2 scrolls of amnesia
 m - 2 scrolls of fog
 w - 2 scrolls of teleportation
Potions
 f - 4 potions of curing
 g - a potion of mutation {unknown}
 h - 2 potions of ambrosia
 l - a potion of brilliance {unknown}
 q - 2 potions of might {unknown}
 r - a potion of degeneration {unknown}
 t - 3 potions of attraction
 z - a potion of cancellation {unknown}
 A - a potion of enlightenment {unknown}
 C - 3 potions of lignification {unknown}


   Skills:
 + Level 4.9 Fighting
 * Level 5.3 Dodging
 + Level 5.6 Stealth
 * Level 6.0 Spellcasting
 * Level 6.6 Conjurations
 + Level 3.5 Transmutations
 * Level 8.3 Earth Magic
 + Level 1.5 Invocations


You had 5 spell levels left.
You knew the following spells:

 Your Spells              Type           Power      Damage    Failure   Level
a - Sandblast             Erth           78%        2d17      1%          1
b - Passwall              Tmut/Erth      24%        N/A       1%          2
c - Stone Arrow           Conj/Erth      70%        3d11      1%          3
d - Brom's Barrelling Bo  Conj/Erth      35%        2d5       4%          4
e - Petrify               Tmut/Erth      29%        N/A       9%          4
f - Searing Ray           Conj           64%        2d6       1%          2

Your spell library contained the following spells:

 Spells                   Type           Power      Damage    Failure   Level
 Magic Dart               Conj           100%       1d8       1%          1
 Kiss of Death            Conj/Necr      76%        2d11      2%          1
 Dazzling Flash           Conj/Hex       38%        N/A       9%          3
 Ensorcelled Hibernation  Hex/Ice        12%        N/A       16%         2
 Jinxbite                 Hex            12%        N/A       16%         2
 Fulminant Prism          Conj/Hex       9%         3d6       26%         4
 Confusing Touch          Hex            6%         N/A       30%         3
 Gell's Gravitas          Tloc           6%         N/A       30%         3
 Teleport Other           Tloc           6%         N/A       30%         3
 Anguish                  Hex/Necr       3%         N/A       71%         4
 Cause Fear               Hex            3%         N/A       71%         4
 Dispel Undead            Necr           6%         3d8       71%         4
 Agony                    Necr           6%         N/A       96%         5
 Silence                  Hex/Air        3%         N/A       96%         5
 Dispersal                Tloc           3%         N/A       100%        6
 Enfeeble                 Hex            3%         N/A       100%        7


Dungeon Overview and Level Annotations

Branches:
Dungeon (8/15)             Temple (0/1) D:7           Sewer (visited)
 Bailey (1/1)
   Lair: D:8-11

Altars:
Dithmenos
Kikubaaqudgha
Sif Muna
Zin
The Shining One

Shops:
D:7 =   D:8 **


Innate Abilities, Weirdness & Mutations

You are immune to sickness and miasma.
Your stone body is resilient. (AC +7)
You are immune to poison.
You resist negative energy. (rN+)
You are resistant to electric shocks. (rElec)
You are resistant to unholy torment.
You are immune to petrification.


Message History

The orc knight is engulfed in blazing flames.
Flame seeps out of the orc knight.
Fire: b) +8 storm bow {elec, penet}
Press: ? - help, Q - select action, (/) - cycle Shift-Dir - straight line, f/p - orc knight
Aim: an orc knight, wielding a +0 glaive and wearing a +0 chain mail (flame, moderately wounded, inner flame, petrified, 98% to hit)
You shoot an arrow.
The arrow pierces through the orc knight but does no damage.
The orc knight is moderately wounded.
The orc knight is engulfed in blazing flames.
Flame seeps out of the orc knight.
Fire: b) +8 storm bow {elec, penet}
Press: ? - help, Q - select action, (/) - cycle Shift-Dir - straight line, f/p - orc knight
Aim: an orc knight, wielding a +0 glaive and wearing a +0 chain mail (moderately wounded, inner flame, petrified, 98% to hit)
You shoot an arrow.
The arrow pierces through the orc knight.
Flame seeps out of the orc knight.
The orc knight is heavily wounded.
The orc knight is no longer petrified.
The orc knight is engulfed in blazing flames.
Flame seeps out of the orc knight.
The orc knight hits you from afar with a +0 glaive!
The orc knight is engulfed in blazing flames.
Flame seeps out of the orc knight.
The orc knight hits you from afar with a +0 glaive!!
The orc knight is engulfed in blazing flames.
Flame seeps out of the orc knight.
Casting: Searing Ray (safe; 1% risk of failure)
Confirm with . or Enter, or press ? or * to list all spells.
Aiming: Stone Arrow (safe; 1% risk of failure)
Press: ? - help, Shift-Dir - straight line, f/p - orc knight
Aim: an orc knight, wielding a +0 glaive and wearing a +0 chain mail (severely wounded, inner flame, 71% to hit)
The stone arrow misses the orc knight.
The orc knight hits you from afar with a +0 glaive!!
* * * LOW HITPOINT WARNING * * *
You feel better.
The orc knight hits you from afar with a +0 glaive!
* * * LOW HITPOINT WARNING * * *
You feel better.
The orc knight hits you from afar with a +0 glaive!!
You die...

#≈≈≈≈≈≈...#...)#...♣♣♣♣
#≈≈≈≈≈≈≈≈≈#.)..#≈≈≈≈≈♣♣#
#♣♣≈≈≈≈≈≈≈#....#≈≈≈≈≈≈≈#
♣.≈≈≈≈≈≈#....#≈≈≈≈≈≈≈#
♣...≈≈≈≈#....#≈≈≈≈≈≈≈#
♣♣......#....#....≈≈≈#
♣♣.......o).......≈≈#
###.♣♣....)..♣.♣..♣#
#.♣...@........♣♣
#.....)))....###
##......)...##
#..........#
#♣..∩..∩..♣# ♣........♣
♣♣......♣♣ ♣♣♣♣♣♣♣♣


You could see an orc knight (inner flame).

Vanquished Creatures
  Pikel (D:5)
  Grinder (D:6)
  A slime creature (D:6)
  A steam dragon (D:6)
  Menkaure (D:6)
  2 water moccasins
  An ice beast (D:5)
  A black bear (D:7)
  7 orc warriors
  2 sky beasts
  3 ogres
  A centaur (D:8)
  2 phantoms (D:5)
  5 bullfrogs
  3 scorpions
  2 howler monkeys
  8 jellies (D:6)
  3 hounds (D:6)
  An orc priest (D:4)
  2 sleepcaps
  An iguana (D:6)
  2 orc wizards
  9 gnolls
  2 river rats
  14 adders
  A shadow imp (D:7)
  3 white imps
  2 ufetubi (D:5)
  6 worms
  8 dart slugs
  24 orcs
  28 endoplasms
  7 giant cockroaches
  13 goblins
  9 hobgoblins
  4 jackals (D:3)
  6 quokkas (Sewer)
  12 ball pythons
  7 bats
  9 frilled lizards
  7 kobolds
  5 rats
227 creatures vanquished.

Notes
Turn   | Place    | Note
-------+----------+-------------------------------------------
     0 | D:1      | GreatBamboolord the Gargoyle Earth Elementalist began the
                  | quest for the Orb.
     0 | D:1      | Reached XP level 1. HP: 10/10 MP: 3/3
   131 | D:1      | Reached XP level 2. HP: 15/15 MP: 1/5
   502 | D:1      | Reached skill level 1 in Transmutations
   551 | D:1      | Reached skill level 4 in Earth Magic
   744 | D:1      | Reached XP level 3. HP: 20/20 MP: 3/6
   747 | D:1      | Learned a level 2 spell: Passwall
   751 | D:1      | Learned a level 3 spell: Stone Arrow
  1046 | D:2      | Reached XP level 4. HP: 12/24 MP: 0/7
  1191 | D:2      | Reached skill level 1 in Fighting
  1266 | D:2      | Reached skill level 1 in Conjurations
  1755 | D:2      | Reached XP level 5. HP: 29/29 MP: 6/9
  2208 | D:3      | Found a glowing drain.
  2217 | Sewer    | Entered a sewer
  2511 | Sewer    | Reached XP level 6. HP: 35/35 MP: 4/10
  2772 | Sewer    | Reached skill level 5 in Earth Magic
  3050 | D:3      | Reached XP level 7. HP: 6/40 MP: 2/12
  4106 | D:4      | Learned a level 4 spell: Brom's Barrelling Boulder
  4137 | D:5      | Entered Level 5 of the Dungeon
  4263 | D:5      | Noticed Pikel
  4286 | D:5      | Paralysed by Pikel for 5 turns
  4291 | D:5      | Killed Pikel
  4292 | D:5      | Reached skill level 6 in Earth Magic
  4292 | D:5      | Reached XP level 8. HP: 15/46 MP: 6/14
  4677 | D:5      | Found a glowing silver altar of Zin.
  4827 | D:5      | Reached XP level 9. HP: 51/51 MP: 13/16
  4966 | D:5      | Found a shadowy altar of Dithmenos.
  5147 | D:5      | Reached skill level 5 in Conjurations
  5242 | D:6      | Reached skill level 7 in Earth Magic
  5321 | D:6      | Noticed Grinder
  5325 | D:6      | Killed Grinder
  5326 | D:6      | Reached skill level 5 in Spellcasting
  5595 | D:6      | Found the +8 storm bow {elec, penet}
  5596 | D:6      | Noticed Menkaure
  5599 | D:6      | Killed Menkaure
  5753 | D:6      | Reached skill level 5 in Stealth
  6254 | D:6      | Learned a level 4 spell: Petrify
  6311 | D:7      | Found Jawuiz's Jewellery Boutique.
  6374 | D:7      | Found an ancient bone altar of Kikubaaqudgha.
  6432 | D:7      | Found a shimmering blue altar of Sif Muna.
  6451 | D:7      | Became a worshipper of Sif Muna the Loreminder
  6479 | D:7      | Reached skill level 5 in Dodging
  6531 | D:7      | Found a glowing golden altar of the Shining One.
  6575 | D:7      | Found a staircase to the Ecumenical Temple.
  6642 | D:7      | Reached XP level 10. HP: 58/58 MP: 14/18
  6980 | D:7      | Learned a level 2 spell: Searing Ray
  7071 | D:8      | Reached skill level 8 in Earth Magic
  7075 | D:8      | Reached skill level 1 in Invocations
  7531 | D:8      | Found Xeassen's Gadget Gallery.
  7542 | D:8      | Bought a wand of roots (6) for 158 gold pieces
  7542 | D:8      | Bought a wand of roots (2) for 52 gold pieces
  7562 | D:8      | Found Duhivuzi's Demolitions Depot.
  7587 | D:8      | Found a flagged portal.
  7602 | Bailey   | Entered a bailey
  7863 | Bailey   | Noticed an orc knight
  7887 | Bailey   | Slain by an orc knight

Illustrated notes

Levels and vault maps discovered:
D:1:      psy_arrival_terrarium, layout_basic, columned_hall_lemuel,
          chequers_serial_rivers_marsh
D:2:      layout_loops_ring, kennysheep_generic_room_13
D:3:      layout_rooms, lightli_sewer_entry_pipes
D:4:      layout_rooms
D:5:      layout_gridville, lemuel_tele_altar, zin_statuary,
          hangedman_decor_clover_reticule, hangedman_decor_peaks_small,
          kennysheep_nondescript, grunt_decor_arrowhead, uniq_pikel
D:6:      lemuel_slime, layout_loops_corners, hangedman_abyss_or_decor_stagger,
          dreamdust_gnoll_farm, uniq_menkaure, uniq_grinder
D:7:      layout_basic, kennysheep_little_box,
          nicolae_kikubaaqudgha_miasma_corner, mainiacjoe_overflow_boulevard,
          minmay_temple_entry_offerings, serial_shops, nicolae_shop_stone
D:8:      wad_guarded_room, layout_rooms, enter_bailey_5, nicolae_blasting_shop,
          nicolae_shop_gadgets
Bailey:   bailey_polearm_elven_captive_hellmonk, bailey

Skill      XL: |  1  2  3  4  5  6  7  8  9 10 |
---------------+-------------------------------+-----
Transmutations | 1 2 3 |  3.5
Earth Magic    | 4 5 6 7 8 |  8.3
Dodging        | 2 3 4 5 |  5.3
Fighting       | 1 2 3 4 |  4.9
Conjurations   | 1 2 4 6 |  6.6
Stealth        | 3 4 5 |  5.6
Spellcasting   | 3 4 5 6 |  6.0
Invocations    | 1 |  1.5

Action                     |  1- 3 |  4- 6 |  7- 9 | 10-12 || total
---------------------------+-------+-------+-------+-------++-------
  Melee: Unarmed           |    14 |     2 |       |       ||    16
         Flail             |       |     9 |       |       ||     9
         Staff             |       |     4 |     5 |     3 ||    12
   Fire: Longbow           |       |       |     9 |    17 ||    26
   Cast: Sandblast         |    44 |   134 |   123 |    38 ||   339
         Stone Arrow       |       |       |       |     8 ||     8
         Petrify           |       |       |       |     2 ||     2
         Searing Ray       |       |       |       |     2 ||     2
    Use: Potion            |       |     3 |       |     6 ||     9
         Scroll            |       |       |     7 |    11 ||    18
   Stab: Petrified         |       |       |       |     3 ||     3
 Armour: Robe              |    15 |    61 |    46 |       ||   122
         Steam dragon scal |       |       |     8 |    86 ||    94
  Dodge: Dodged            |    22 |    57 |    35 |    70 ||   184

Table legend: (Time is in decaauts)
 A = Elapsed time spent in this place.
 B = Non-inter-level travel time spent in this place.
 C = Inter-level travel time spent in this place.
 D = Time resting spent in this place.
 E = Time spent auto-exploring this place.
 F = Levels seen in this place.
 G = Mean time per level.
                   A        B        C        D        E       F      G
               +--------+--------+--------+--------+--------+-----+--------+
         Total |   8183 |   7877 |    306 |   1169 |   4999 |  10 |  818.3 |
       Dungeon |   7161 |   6855 |    306 |    983 |   4540 |   8 |  895.1 |
         Sewer |    721 |    721 |      0 |     77 |    433 |   1 |  721.0 |
        Bailey |    300 |    300 |      0 |    109 |     26 |   1 |  300.0 |
               +--------+--------+--------+--------+--------+-----+--------+

Top non-repeatable levels by time:
     D:2: 1208 daAuts
     D:7: 1172 daAuts
     D:5: 1096 daAuts
     D:6: 1075 daAuts
     D:1: 976 daAuts
     D:3: 831 daAuts
   Sewer: 721 daAuts
     D:4: 614 daAuts
  Bailey: 300 daAuts
     D:8: 186 daAuts
